 Dungeon Crawl Stone Soup version 0.25.0-3-gd7cc5688da (webtiles) character file.

Game seed: 564454645855322182

41 grindst0ne the Skirmisher (level 3, -3/33 HPs)
             Began as a Ghoul Monk on June 15, 2020.
             Slain by an iguana (6 damage)
             ... on level 2 of the Dungeon.
             The game lasted 00:01:50 (1500 turns).

grindst0ne the Skirmisher (Ghoul Monk)              Turns: 1500, Time: 00:01:50

Health: -3/33      AC:  2    Str: 15    XL:     3   Next: 52%
Magic:  2/2        EV: 12    Int:  5    God:
Gold:   25         SH:  0    Dex: 11    Spells: 2/2 levels left

rFire    + . .     SeeInvis .     - Unarmed
rCold    + + .     Gourm    .   (no shield)
rNeg     + + +     Faith    .   a - +0 robe
rPois    ∞         Spirit   .   (no helmet)
rElec    .         Reflect  .   g - scarf {rC+ rF+}
rCorr    .         Harm     .   (no gloves)
MR       .....                  (no boots)
Stlth    ++........             (no amulet)
HPRegen  0.00/turn              (no ring)
MPRegen  0.08/turn              (no ring)

@: rotting
A: rotting body, claws 1, carnivore, cold resistance 1, negative energy
resistance 3, inhibited regeneration, torment resistance, unbreathing
a: no special abilities


You were on level 2 of the Dungeon.
You were not hungry.

You visited 1 branch of the dungeon, and saw 2 of its levels.

You collected 25 gold pieces.

Inventory:

Armour
 a - a +0 robe (worn)
 g - a scarf of resistance (worn)
Scrolls
 c - a scroll of remove curse {unknown}
 d - a scroll of identify {unknown}
Potions
 e - a potion of ambrosia {unknown}
 f - a potion of degeneration {unknown}
Comestibles
 b - 2 rations


   Skills:
 + Level 3.9 Fighting
 + Level 1.4 Armour
 - Level 2.6 Dodging
 - Level 2.1 Stealth
 + Level 3.8 Unarmed Combat


You had 2 spell levels left.
You didn't know any spells.
Your spell library was empty.

Dungeon Overview and Level Annotations

Branches:
Dungeon (2/15)

Altars:


Innate Abilities, Weirdness & Mutations

Your body is rotting away.
You thrive on raw meat.
You are immune to poison.
You have sharp fingernails.
You are carnivorous and can eat meat at any time.
Your flesh is cold resistant. (rC+)
You are immune to negative energy. (rN+++)
You do not regenerate when monsters are visible.
You are immune to unholy pain and torment.
You can survive without breathing.


Message History

The iguana bites you! The frilled lizard bites you.
You are too injured to fight recklessly!
There is an open door here.
The iguana hisses menacingly.
Okay, then.
The iguana hisses menacingly.
You see here a goblin corpse.
You barely miss the iguana.
The iguana is moderately wounded.
You barely miss the iguana. Your claw misses the iguana.
The iguana is moderately wounded.
The iguana barely misses you.
You claw the iguana!
The iguana is almost dead.
The iguana bites you!
* * * LOW HITPOINT WARNING * * *
You barely miss the iguana.
The iguana is almost dead.
The iguana bites you.
You die...

#+#####.#<.#.#
##.#......# #.#.##.#
#.#......# #.#.
..###### #.#......#
##.#######...#
#l#......#
#........'...#
#.#......#
##########...#
#........# ######...#
##.?.....#
........l####.......#
.......@l.†....####+#
......#+#......#
###### #.$....#
#......# #......#
#...?...# #.......#
##...##.# ...# ..


You could see an iguana and a frilled lizard.

Vanquished Creatures
  A worm (D:2)
  2 leopard geckos (D:1)
  2 giant cockroaches
  5 goblins
  7 hobgoblins (D:1)
  5 jackals (D:1)
  A kobold (D:1)
  2 bats (D:1)
  2 frilled lizards (D:1)
  4 rats (D:1)
31 creatures vanquished.

Notes
Turn   | Place    | Note
-------+----------+-------------------------------------------
     0 | D:1      | grindst0ne the Ghoul Monk began the quest for the Orb.
     0 | D:1      | Reached XP level 1. HP: 19/19 MP: 0/0
   299 | D:1      | Reached XP level 2. HP: 15/26 MP: 1/1
   729 | D:1      | Reached skill level 1 in Armour
   897 | D:1      | Reached XP level 3. HP: 27/33 MP: 2/2
  1500 | D:2      | Slain by an iguana

Illustrated notes

Levels and vault maps discovered:
D:1:      dpeg_cavernosity, layout_basic
D:2:      layout_basic, tgw_fedhas, minmay_bisected

Skill      XL: |  1  2 |
---------------+-------+-----
Armour         | 1 |  1.4
Fighting       | |  3.9
Dodging        | |  2.6
Stealth        | |  2.1
Unarmed Combat | |  3.8

Action                   || total
-------------------------++-------
Melee: Unarmed           ||   132
 Stab: Sleeping          ||     4
  Eat: Chunk             ||     2
Armor: Robe              ||    22
Dodge: Dodged            ||    75
